 Dungeon Crawl Stone Soup version 0.25-a0-645-gb4487340cb (webtiles) character file.

Game seed: 13823210020759184387, levelgen mode: deterministic

11 An17 the Sneak (level 2, 19/19 HPs)
             Began as a Vampire Enchanter on Mar 21, 2020.
             Safely got out of the dungeon.
             The game lasted 00:03:07 (250 turns).

An17 the Sneak (Vampire Enchanter)                   Turns: 250, Time: 00:03:08

Health: 19/19      AC:  3    Str:  7    XL:     2   Next: 13%
Magic:  5/5        EV: 12    Int: 17    God:
Gold:   9          SH:  0    Dex: 14    Spells: 2/5 levels left

rFire    . . .     SeeInvis +   a - +1 dagger
rCold    . . .     Gourm    .   (no shield)
rNeg     . . .     Faith    .   c - +0 leather armour
rPois    .         Spirit   .   (no helmet)
rElec    .         Reflect  .   (no cloak)
rCorr    .         Harm     .   (no gloves)
MR       .....                  (no boots)
Stlth    +++.......             (no amulet)
HPRegen  0.26/turn              (no ring)
MPRegen  0.09/turn              (no ring)

@: regenerating quickly
A: no food, fangs 3, see invisible, unbreathing
a: Exsanguinate


You escaped.
You were alive.

You visited 1 branch of the dungeon, and saw 1 of its levels.

You collected 9 gold pieces.

Inventory:

Hand Weapons
 a - a +1 dagger (weapon)
Armour
 c - a +0 leather armour (worn)
Potions
 b - a potion of lignification {unknown}


   Skills:
 + Level 1.1 Short Blades
 + Level 2.4 Dodging
 + Level 4.8 Stealth
 + Level 2.0 Spellcasting
 + Level 4.7 Hexes


You had 2 spell levels left.
You knew the following spells:

 Your Spells              Type           Power        Failure   Level  Hunger
a - Corona                Hex            ###....      4%          1    N/A
b - Ensorcelled Hibernat  Hex/Ice        #.....       17%         2    N/A

Your spell library contained the following spells:

 Spells                   Type           Power        Failure   Level  Hunger
 Confusing Touch          Hex            ###.....     12%         3    N/A
 Tukima's Dance           Hex            ###.....     12%         3    N/A
 Dazzling Flash           Conj/Hex       #.....       32%         3    N/A

Dungeon Overview and Level Annotations

Branches:
Dungeon (1/15)

Altars:


Innate Abilities, Weirdness & Mutations

You do not eat.
Your natural rate of healing is unusually fast.
You have razor-sharp teeth.
You have supernaturally acute eyesight. (SInv)
You can survive without breathing.


Message History

The hobgoblin is almost dead.
The hobgoblin hits you but does no damage.
You hit the hobgoblin.
You kill the hobgoblin!
A bat comes into view.
A bat is nearby!
The helpless bat fails to defend itself.
You impale the bat!!
You kill the bat!
Found a ration.
You see here a bat corpse.
You see here a ration.
Found a ring mail.
No target in view!
You see here a ration.
You see here a bat corpse.
There is an open door here.
There is a staircase leading out of the dungeon here.
Are you sure you want to leave the Dungeon?
This will make you lose the game!
You have escaped!

.............###+###........#
..####...##..#8...8#..##....#
........####.##.#.##.####...#
..#......# ..#8.#.8#..##....#
..#..........##.#.##........#
.##...########8...8########.#
.##...#8#8#8#8#...#8#8#8#8#.#
...†..#...................#.#
..###.'.#####...@...#####.'.#
.....##...................###
.###.##8#8#8#8#...#8#8#8#8#
.###.#########8...8########
.....# ##.#.## .##### #8.#.8#
.# ##.#.## .# 8...8 .#


There were no monsters in sight!

Vanquished Creatures
  2 giant cockroaches (D:1)
  2 goblins (D:1)
  2 hobgoblins (D:1)
  2 bats (D:1)
  2 kobolds (D:1)
10 creatures vanquished.

Notes
Turn   | Place    | Note
-------+----------+-------------------------------------------
     0 | D:1      | An17 the Vampire Enchanter began the quest for the Orb.
     0 | D:1      | Reached XP level 1. HP: 13/13 MP: 3/3
   139 | D:1      | Reached XP level 2. HP: 19/19 MP: 5/5
   143 | D:1      | Learned a level 2 spell: Ensorcelled Hibernation
   250 | D:$      | Safely got out of the dungeon.

Levels and vault maps discovered:
D:1:      heliophobic_arrival_ceremonial_halls, layout_basic,
          minmay_misc_feat_rows

Action                   || total
-------------------------++-------
Melee: Dagger            ||    18
       Bite              ||     3
  Use: Scroll            ||     1
 Stab: Sleeping          ||     5
Armor: Leather armour    ||     4
Dodge: Dodged            ||     6

Table legend:
 A = Non-vault XP
 B = Vault XP
 C = Vault XP percentage of total XP
 D = Non-vault monster count
 E = Vault monster count
 F = Vault count percentage of total count
                 A         B        C        D         E       F
            +---------+---------+-------+---------+---------+-------
      Total |      16 |       0 |   0.0 |      10 |       0 |   0.0
            +---------+---------+-------+---------+---------+-------
        D:1 |      16 |       0 |   0.0 |      10 |       0 |   0.0
            +---------+---------+-------+---------+---------+-------
